 Dungeon Crawl Stone Soup version 0.19.0-11-g3fc08b3 (webtiles) character file.

20 dracos369 the Vexing (level 2, -4/11 HPs)
             Began as a Felid Enchanter on Nov 10, 2016.
             Killed by divine providence
             ... invoked by an orc priest
              (10 damage)
             ... on level 6 of the Dungeon.
             The game lasted 00:03:30 (404 turns).

dracos369 the Vexing (Felid Enchanter)               Turns: 404, Time: 00:03:31

Health: -4/11      AC:  1    Str:  4    XL:     2   Next: 58%
Magic:  1/6        EV: 18    Int: 16    God:
Gold:   26         SH:  0    Dex: 16    Spells: 2 memorised, 2 levels left
                                        Lives:  0   Deaths: 0

rFire  . . .     SeeInvis +       - Unarmed
rCold  . . .     Gourm    .     (armour unavailable)
rNeg   . . .     Faith    .     (shield unavailable)
rPois  .         Spirit   .     (helmet unavailable)
rElec  .         Reflect  .     (cloak unavailable)
rCorr  .         Harm     .     (gloves unavailable)
MR     .....                    (boots unavailable)
Stlth  +++.......               (no amulet)
                                (no ring)
                                (no ring)

@: very slightly contaminated, quick
A: no armour, no weapons or thrown items, stealth, claws 1, fangs 3, see
invisible, carnivore 3, speed 1, shaggy fur 1, slow metabolism 1, sharp paws
a: no special abilities


You were on level 6 of the Dungeon.
You were completely stuffed.

You visited 1 branch of the dungeon, and saw 6 of its levels.

You collected 26 gold pieces.

Inventory:

Scrolls
 c - 2 scrolls of identify {unknown}
 e - a scroll of remove curse {unknown}
 g - 2 scrolls of blinking {unknown}
 i - a scroll of enchant armour {unknown}
 j - a scroll of fear {unknown}
Potions
 d - a potion of degeneration {unknown}
Books
 a - a book of Maledictions

   Spells                             Type                      Level
   a - Corona                         Hexes                        1
   b - Ensorcelled Hibernation        Hexes/Ice                    2
   c - Confuse                        Hexes                        3
   d - Tukima's Dance                 Hexes                        3
   e - Dazzling Spray                 Conjuration/Hexes            3
Comestibles
 b - 2 meat rations
 f - 3 chunks of flesh
 h - a royal jelly


   Skills:
 - Level 2.8 Dodging
 - Level 4.0 Stealth
 - Level 2.0 Unarmed Combat
 - Level 2.0 Spellcasting
 - Level 4.5 Hexes
 + Level 1.0 Ice Magic


You had 2 spell levels left.
You knew the following spells:

 Your Spells              Type           Power        Failure   Level  Hunger
a - Corona                Hex            ###....      3%          1    #......
e - Ensorcelled Hibernat  Hex/Ice        ##....       12%         2    ###....


Dungeon Overview and Level Annotations

Branches:
Dungeon (6/15)
 Temple: D:4-7

Altars:


Innate Abilities, Weirdness & Mutations

You cannot wear armour.
You are incapable of wielding weapons or throwing items.
Your paws allow you to move quietly. (Stealth)
You have sharp claws.
You have razor-sharp teeth.
You have supernaturally acute eyesight. (SInv)
You are carnivorous and can eat meat at any time.
You cover ground quickly.
You are covered in fur. (AC +1)
You have a slow metabolism.
Your sharp claws are effective at attacking unaware monsters.


Message History

You climb downwards.
Found 14 gold pieces and an arbalest.
There is a stone staircase leading up here.
You now have 26 gold pieces (gained 14).
Eating one of 4 chunks of flesh.
You start eating one of the 4 chunks of flesh.
This raw flesh tastes great.
You see here an arbalest.
An orc, an orc priest and an orc wizard come into view.
The orc shouts!
The orc priest shouts!
The orc wizard shouts!
Casting: Ensorcelled Hibernation
Confirm with . or Enter, or press ? or * to list all spells.
Aiming: Ensorcelled Hibernation
Press: ? - help, Shift-Dir - straight line, f - orc priest
Aim: an orc priest, wielding a club and wearing a leather armour (chance to defeat MR: 41%)
The orc priest resists with some effort.
The orc priest invokes the aid of Beogh against you.
Beogh smites you!
Ouch! That really hurt!
You die...

#.# #.# .# #.#
o# #.# .# #.#
.# #)# o# #.#
.# #.##o#.####
#..@.......
#............##
#.#########....
.##


You could see an orc priest, an orc wizard and an orc.

Vanquished Creatures
  An adder skeleton (D:4)
  A worm (D:2)
  A dart slug (D:2)
  An orc (D:3)
  A hobgoblin (D:3)
  2 bats
  A frilled lizard (D:5)
  A goblin (D:2)
  3 kobolds
  A rat (D:2)
13 creatures vanquished.

Notes
Turn   | Place    | Note
-------+----------+-------------------------------------------
     0 | D:1      | dracos369 the Felid Enchanter began the quest for the Orb.
     0 | D:1      | Reached XP level 1. HP: 7/7 MP: 4/4
    67 | D:3      | Noticed a wight
    68 | D:3      | Noticed a wight
   195 | D:2      | Reached XP level 2. HP: 6/11 MP: 3/6
   207 | D:2      | Learned a level 2 spell: Ensorcelled Hibernation
   356 | D:5      | Entered Level 5 of the Dungeon
   364 | D:5      | Noticed an ogre
   367 | D:5      | Reached skill level 1 in Ice Magic
   404 | D:6      | Killed from afar by an orc priest

Skill      XL: |  1  2 |
---------------+-------+-----
Unarmed Combat | 2 |  2.0
Ice Magic      | 1 |  1.0
Dodging        | |  2.8
Stealth        | |  4.0
Spellcasting   | |  2.0
Hexes          | |  4.5

Action                   || total
-------------------------++-------
Melee: Unarmed           ||    34
       Bite              ||     1
 Cast: Corona            ||     4
       Ensorcelled Hiber ||     4
 Stab: Sleeping          ||     7
  Eat: Chunk             ||     7
Armor: Skin              ||     2
Dodge: Dodged            ||    19
